 Dungeon Crawl Stone Soup version 0.28-a0-1235-g7c8fac35f0 (webtiles) character file.

Game seed: 5723369395958760317

105 Gargoyl the Skirmisher (level 4, -5/41 HPs)
             Began as a Gnoll Abyssal Knight on Dec 25, 2021.
             Was a Believer of Lugonu.
             Slain by Crazy Yiuf (9 damage)
             ... on level 3 of the Dungeon.
             The game lasted 00:03:12 (2759 turns).

Gargoyl the Skirmisher (Gnoll Abyssal Knight)       Turns: 2759, Time: 00:03:12

Health: -5/41      AC: 12    Str: 14      XL:     4   Next: 81%
Magic:  7/7        EV:  4    Int:  6 (9)  God:    Lugonu [**....]
Gold:   158        SH:  0    Dex: 12 (13) Spells: 5/5 levels left

rFire   + . .      SeeInvis .   a - +2 hand axe (vorpal)
rCold   + . .      Faith    .   (no shield)
rNeg    . . .      Spirit   .   d - +0 plate armour
rPois   +          Reflect  .   (no helmet)
rElec   +          Harm     .   (no cloak)
rCorr   +          Rampage  .   (no gloves)
Will    .....                   (no boots)
Stlth   ..........              (no amulet)
HPRegen 0.13/turn               (no ring)
MPRegen 0.10/turn               (no ring)

@: resistant, attractive, hasted and slowed
A: fangs 1, strong nose, distributed training, sense surroundings 1
a: Renounce Religion, Depart the Abyss, Bend Space


You were on level 3 of the Dungeon.
You worshipped Lugonu.
Lugonu was pleased with you.
You visited 1 branch of the dungeon, and saw 3 of its levels.
You visited the Abyss 1 time.

You collected 158 gold pieces.

Inventory:

Hand Weapons
 a - a +2 vorpal hand axe (weapon)
Armour
 d - a +0 plate armour (worn)
Scrolls
 c - 3 scrolls of identify
Potions
 m - 2 potions of attraction


   Skills:
 + Level 6.6 Fighting
 + Level 1.2 Short Blades
 + Level 1.2 Long Blades
 + Level 4.7 Axes
 + Level 1.2 Maces & Flails
 + Level 1.2 Polearms
 + Level 1.2 Staves
 + Level 1.2 Slings
 + Level 1.2 Bows
 + Level 1.2 Crossbows
 + Level 1.2 Throwing
 + Level 4.7 Armour
 + Level 2.8 Dodging
 + Level 1.2 Stealth
 + Level 1.2 Shields
 + Level 1.2 Unarmed Combat
 + Level 1.2 Spellcasting
 + Level 1.0 Conjurations
 + Level 1.0 Hexes
 + Level 1.0 Summonings
 + Level 1.0 Necromancy
 + Level 1.0 Translocations
 + Level 1.0 Transmutations
 + Level 1.0 Fire Magic
 + Level 1.0 Ice Magic
 + Level 1.0 Air Magic
 + Level 1.0 Earth Magic
 + Level 1.0 Poison Magic
 + Level 4.7 Invocations
 + Level 1.2 Evocations


You had 5 spell levels left.
You didn't know any spells.
Your spell library was empty.

Dungeon Overview and Level Annotations

Branches:
Dungeon (3/15)

Altars:

Annotations:
D:3 Crazy Yiuf


Innate Abilities, Weirdness & Mutations

You have very sharp teeth.
Your uncanny sense of smell can sniff out nearby items.
Your experience applies equally to all skills.
You passively map a small area around you.


Message History

Crazy Yiuf hits you with a +4 quarterstaff of chaos!
You hit Crazy Yiuf but do no damage. You hit Jessica.
Jessica shouts, "You are a ghastly nuisance!"
Jessica gestures wildly while chanting.
Jessica seems to speed up.
Crazy Yiuf says, "Papa!
Ice song unthinkable."
Crazy Yiuf hits you with a +4 quarterstaff of chaos.
Jessica gestures at you while chanting. Pain shoots through your body!
Crazy Yiuf hits you but does no damage.
You hit Crazy Yiuf. You bite Crazy Yiuf, but do no damage.
Crazy Yiuf is lightly wounded.
You hit Jessica.
You kill Jessica!
Lugonu accepts your kill.
Crazy Yiuf hits you with a +4 quarterstaff of chaos.
* * * LOW HITPOINT WARNING * * *
You feel your strength returning.
Your Conjurations skill increases to level 1!
Your Hexes skill increases to level 1!
Your Summonings skill increases to level 1!
Your Necromancy skill increases to level 1!
Your Translocations skill increases to level 1!
Your Transmutations skill increases to level 1!
Your Fire Magic skill increases to level 1!
Your Ice Magic skill increases to level 1!
Your Air Magic skill increases to level 1!
Your Earth Magic skill increases to level 1!
Your Poison Magic skill increases to level 1!
Unknown command.
You hit Crazy Yiuf.
Crazy Yiuf is moderately wounded.
Crazy Yiuf hits you with a +4 quarterstaff of chaos.
* * * LOW HITPOINT WARNING * * *
Crazy Yiuf hits you with a +4 quarterstaff of chaos.
* * * LOW HITPOINT WARNING * * *
You feel yourself speed up.
You hit Crazy Yiuf.
Crazy Yiuf is heavily wounded.
Crazy Yiuf hits you with a +4 quarterstaff of chaos!
You die...

#......#######.####
######## #.# #.###
##### #...# #..)#
###.# #...#
#########.# *...*
#.........# *#g#*
#########.## ##@#
#####... #)##
#...#.## ##.#
#....... #.##
#...#.## ##.##
##.##.# #...##
#.##.# #....# #.##.#
#....# #.##<#
##..##########.##.##


You could see Crazy Yiuf.

Vanquished Creatures
  Jessica (D:3)
  2 adders
  A worm (D:2)
  3 dart slugs
  An orc (D:3)
  5 bats
  8 endoplasms
  3 goblins
  5 hobgoblins
  4 kobolds
  3 quokkas (D:2)
  A ball python (D:3)
  2 frilled lizards
  8 rats
47 creatures vanquished.

Vanquished Creatures (collateral kills)
  A kobold (D:3)
1 creature vanquished.

Grand Total: 48 creatures vanquished

Notes
Turn   | Place    | Note
-------+----------+-------------------------------------------
     0 | Abyss:1  | Gargoyl the Gnoll Abyssal Knight began the quest for the
                  | Orb.
     0 | Abyss:1  | Reached XP level 1. HP: 23/23 MP: 3/3
    55 | Abyss:2  | Found a corrupted altar of Lugonu.
    95 | Abyss:2  | Noticed a neqoxec
    99 | Abyss:2  | Gained mutation: You passively map a small area around you.
                  | [a neqoxec]
    99 | Abyss:2  | Noticed a green death
   112 | Abyss:2  | Noticed an iron imp
   117 | D:1      | Escaped the Abyss
   433 | D:1      | Reached XP level 2. HP: 21/29 MP: 5/5
   790 | D:1      | Reached * piety under Lugonu
   796 | D:1      | Found a faded altar of an unknown god.
   942 | D:2      | Reached XP level 3. HP: 27/35 MP: 6/6
  1895 | D:3      | Reached skill level 1 in Short Blades
  1895 | D:3      | Reached skill level 1 in Long Blades
  1895 | D:3      | Reached skill level 1 in Maces & Flails
  1895 | D:3      | Reached skill level 1 in Polearms
  1895 | D:3      | Reached skill level 1 in Staves
  1895 | D:3      | Reached skill level 1 in Slings
  1895 | D:3      | Reached skill level 1 in Bows
  1895 | D:3      | Reached skill level 1 in Crossbows
  1895 | D:3      | Reached skill level 1 in Throwing
  1895 | D:3      | Reached skill level 1 in Stealth
  1895 | D:3      | Reached skill level 1 in Shields
  1895 | D:3      | Reached skill level 1 in Unarmed Combat
  1895 | D:3      | Reached skill level 1 in Spellcasting
  1895 | D:3      | Reached skill level 1 in Evocations
  2010 | D:3      | Reached XP level 4. HP: 35/41 MP: 7/7
  2144 | D:3      | Reached ** piety under Lugonu
  2350 | D:3      | Found a runed translucent door.
  2350 | D:3      | Noticed Jessica
  2351 | D:3      | Noticed Crazy Yiuf
  2757 | D:3      | Killed Jessica
  2758 | D:3      | Reached skill level 1 in Conjurations
  2758 | D:3      | Reached skill level 1 in Hexes
  2758 | D:3      | Reached skill level 1 in Summonings
  2758 | D:3      | Reached skill level 1 in Necromancy
  2758 | D:3      | Reached skill level 1 in Translocations
  2758 | D:3      | Reached skill level 1 in Transmutations
  2758 | D:3      | Reached skill level 1 in Fire Magic
  2758 | D:3      | Reached skill level 1 in Ice Magic
  2758 | D:3      | Reached skill level 1 in Air Magic
  2758 | D:3      | Reached skill level 1 in Earth Magic
  2758 | D:3      | Reached skill level 1 in Poison Magic
  2759 | D:3      | Slain by Crazy Yiuf

Illustrated notes

Levels and vault maps discovered:
D:1:      dpeg_arrival_erosion, layout_rooms, ebering_ecumenical_altar_hall
D:2:      layout_loops_cross, kennysheep_generic_room_14
D:3:      layout_loops_ring, uniq_crazy_yiuf_cottage, uniq_jessica

Skill      XL: |  1  2  3  4 |
---------------+-------------+-----
Short Blades   | 1 |  1.2
Long Blades    | 1 |  1.2
Maces & Flails | 1 |  1.2
Polearms       | 1 |  1.2
Staves         | 1 |  1.2
Slings         | 1 |  1.2
Bows           | 1 |  1.2
Crossbows      | 1 |  1.2
Throwing       | 1 |  1.2
Stealth        | 1 |  1.2
Shields        | 1 |  1.2
Unarmed Combat | 1 |  1.2
Spellcasting   | 1 |  1.2
Evocations     | 1 |  1.2
Conjurations   | 1 |  1.0
Hexes          | 1 |  1.0
Summonings     | 1 |  1.0
Necromancy     | 1 |  1.0
Translocations | 1 |  1.0
Transmutations | 1 |  1.0
Fire Magic     | 1 |  1.0
Ice Magic      | 1 |  1.0
Air Magic      | 1 |  1.0
Earth Magic    | 1 |  1.0
Poison Magic   | 1 |  1.0
Fighting       | |  6.6
Axes           | |  4.7
Armour         | |  4.7
Dodging        | |  2.8
Invocations    | |  4.7

Action                   |  1- 3 |  4- 6 || total
-------------------------+-------+-------++-------
Melee: Hand axe          |    91 |    31 ||   122
       Bite              |     3 |     6 ||     9
       Punch             |     1 |       ||     1
Invok: Depart the Abyss  |     1 |       ||     1
  Use: Scroll            |     8 |       ||     8
       Potion            |       |     5 ||     5
 Stab: Sleeping          |     1 |       ||     1
Armor: Leather armour    |    31 |     4 ||    35
       Plate armour      |       |    12 ||    12
Dodge: Dodged            |    69 |    18 ||    87

Table legend: (Time is in decaauts)
 A = Elapsed time spent in this place.
 B = Non-inter-level travel time spent in this place.
 C = Inter-level travel time spent in this place.
 D = Time resting spent in this place.
 E = Time spent auto-exploring this place.
 F = Levels seen in this place.
 G = Mean time per level.
                   A        B        C        D        E       F      G
               +--------+--------+--------+--------+--------+-----+--------+
         Total |   2769 |   2750 |     19 |      0 |   2218 |   5 |  553.8 |
       Dungeon |   2652 |   2633 |     19 |      0 |   2139 |   3 |  884.0 |
         Abyss |    116 |    116 |      0 |      0 |     79 |   2 |   58.0 |
               +--------+--------+--------+--------+--------+-----+--------+

Top non-repeatable levels by time:
     D:2: 1016 daAuts
     D:3: 875 daAuts
     D:1: 760 daAuts
 Abyss:2: 61 daAuts
 Abyss:1: 55 daAuts
